 Dungeon Crawl Stone Soup version 0.28-a0-305-g9e858e973b (webtiles) character file.

Game seed: 7345080115940854684

233 Shayle the Insei (level 6, -1/38 HPs)
             Began as a Djinni Warper on Aug 30, 2021.
             Slain by an orc (3 damage)
             ... on level 3 of the Dungeon.
             The game lasted 00:07:06 (3478 turns).

Shayle the Insei (Djinni Warper)                    Turns: 3478, Time: 00:07:07

Health: -1/38      AC:  6    Str: 10    XL:     6   Next: 26%
Gold:   114        EV: 11    Int: 17    God:
                   SH:  0    Dex: 12

rFire   + + .      SeeInvis .   d - +1 dagger (venom)
rCold   x . .      Faith    .   (no shield)
rNeg    . . .      Spirit   .   a - +0 leather armour
rPois   ∞          Reflect  .   j - +2 helmet
rElec   .          Harm     .   l - scarf {repulsion}
rCorr   .          Rampage  .   (no gloves)
Will    .....                   (boots unavailable)
Stlth   +.........              f - amulet of the acrobat
HPRegen 0.12/turn               (no ring)
MPRegen 0.00/turn               (no ring)

@: flying, repel missiles
A: sickness immunity, fire resistance 2, cold vulnerability 1, float, innate
caster, hp casting, extra vitality 1, frail 1, wild magic 1
a: no special abilities


You were on level 3 of the Dungeon.
You visited 1 branch of the dungeon, and saw 3 of its levels.
You also visited: Sewer.

You collected 114 gold pieces.

Inventory:

Hand Weapons
 b - a +2 short sword of draining
 d - a +1 dagger of venom (weapon)
Missiles
 g - 4 boomerangs (quivered)
Armour
 a - a +0 leather armour (worn)
 j - a +2 helmet (worn)
 l - a scarf of repulsion (worn)
Jewellery
 f - an amulet of the acrobat (around neck)
 h - a ring of fire
Scrolls
 e - a scroll of immolation
 k - a scroll of magic mapping {unknown}
 m - 2 scrolls of identify
Potions
 c - 2 potions of curing
 i - a potion of mutation
 n - a potion of heal wounds


   Skills:
 - Level 2.0 Fighting
 - Level 0.7 Throwing
 - Level 1.0 Armour
 - Level 2.1 Dodging
 + Level 6.1 Unarmed Combat
 - Level 2.4 Spellcasting


You couldn't memorise any spells.
You knew the following spells:

 Your Spells              Type           Power      Damage    Failure   Level
a - Blink                 Tloc           N/A        N/A       21%         2
b - Lesser Beckoning      Tloc           13%        N/A       36%         3
c - Gell's Gravitas       Tloc           6%         N/A       36%         3
d - Teleport Other        Tloc           13%        N/A       36%         3
e - Manifold Assault      Tloc           13%        N/A       97%         5
f - Freeze                Ice            52%        1d7       14%         1
g - Corpse Rot            Necr/Air       N/A        N/A       21%         2
Your spell library was empty.

Dungeon Overview and Level Annotations

Branches:
Dungeon (3/15)              Sewer (visited)

Altars:


Innate Abilities, Weirdness & Mutations

You are immune to sickness and miasma.
You are immune to poison.
Your flesh is very heat resistant. (rF++)
You are vulnerable to cold. (rC-)
You float through the air rather than walking.
You learn spells naturally, not from books.
Your magical power is your life essence.
You have superior vitality. (+4 HP)
You are frail. (-10% HP)
Your spells are a little harder to cast, but a little more powerful.


Message History

The orc's wounds heal themselves!
You hear a shout!
You hit the orc but do no damage.
The orc is poisoned.
The orc hits you but does no damage.
You hit the orc but do no damage.
The orc is moderately wounded.
The orc priest calls upon Beogh to heal the orc.
The orc's wounds heal themselves!
The orc barely misses you. The orc hits you but does no damage.
You barely miss the orc.
The orc priest calls down the wrath of Beogh upon you.
You struggle to resist.
The orc hits you with a +0 hand axe. The orc hits you but does no damage.
Unknown command.
The orc priest completely misses you. The orc misses you.
The orc completely misses you.
You hit the orc priest but do no damage.
The orc priest is poisoned.
You kill the orc!
The orc priest casts a cantrip, but nothing happens.
The orc hits you but does no damage.
You hit the orc priest but do no damage.
The orc priest looks as sick as possible!
The orc priest is lightly wounded.
The orc priest closely misses you. The orc hits you with a +0 war axe!
The orc hits you but does no damage.
You hit the orc priest.
The orc priest is moderately wounded.
The orc priest hits you but does no damage.
The orc barely misses you. The orc hits you with a +0 hand axe.
* * * LOW HITPOINT WARNING * * *
Unknown command.
You hit the orc but do no damage.
The orc is almost dead.
The orc priest hits you with a +0 mace.
* * * LOW HITPOINT WARNING * * *
The orc hits you with a +0 war axe.
* * * LOW HITPOINT WARNING * * *
The orc hits you with a +0 hand axe.
You die...

... .#. ...##### o..
........ .. ##.........
#. .....#.#.##.....#
#.. .... ........+
#...###o####.#.....#
.......o@..#.......#
.#...?..o).#.......###
#.........##........#
#.#.........#.........#
...####....#....# #..#
#....#....# #..#
#.........#
####..#####+####...#
#....>..<##.....#######


You could see an orc priest (extremely poisoned) and 2 orcs.

Vanquished Creatures
  A kobold brigand (Sewer)
  An orc wizard (D:3)
  An adder (D:2)
  3 river rats (Sewer)
  2 worms
  A dart slug (D:1)
  4 orcs (D:3)
  3 ball pythons
  6 endoplasms
  4 giant cockroaches
  6 goblins
  6 hobgoblins
  9 jackals
  2 quokkas
  6 bats
  3 frilled lizards
  9 kobolds
  4 rats
71 creatures vanquished.

Vanquished Creatures (others)
  An orc wizard (D:3)
1 creature vanquished.

Grand Total: 72 creatures vanquished

Notes
Turn   | Place    | Note
-------+----------+-------------------------------------------
     0 | D:1      | Shayle the Djinni Warper began the quest for the Orb.
     0 | D:1      | Reached XP level 1. HP: 18/18 MP: 0/0
   264 | D:1      | Reached XP level 2. HP: 23/23 MP: 0/0
   479 | D:1      | Reached skill level 3 in Unarmed Combat
   607 | D:1      | Reached XP level 3. HP: 18/28 MP: 0/0
   607 | D:1      | Learned a level 1 spell: Freeze
  1646 | D:2      | Reached skill level 4 in Unarmed Combat
  1646 | D:2      | Reached XP level 4. HP: 28/33 MP: 0/0
  2472 | D:3      | Gained mutation: Your spells are a little harder to cast,
                  | but a little more powerful. [potion of mutation]
  2472 | D:3      | Gained mutation: You are frail. (-10% HP) [potion of
                  | mutation]
  2491 | D:3      | Reached XP level 5. HP: 7/34 MP: 0/0
  2491 | D:3      | Learned a level 2 spell: Corpse Rot
  2610 | D:3      | Reached skill level 5 in Unarmed Combat
  2649 | D:3      | Found a glowing drain.
  2671 | Sewer    | Entered a sewer
  3000 | Sewer    | Noticed a kobold brigand
  3039 | Sewer    | Killed a kobold brigand
  3040 | Sewer    | Reached skill level 6 in Unarmed Combat
  3040 | Sewer    | Reached XP level 6. HP: 23/38 MP: 0/0
  3206 | Sewer    | Found a white marble altar of Elyvilon.
  3478 | D:3      | Slain by an orc

Illustrated notes

Levels and vault maps discovered:
D:1:      erik_arrival_triangle_medium, layout_loops_ring
D:2:      layout_rooms
D:3:      layout_basic, cheibrodos_sewer_entry_sluice

Skill      XL: |  1  2  3  4  5 |
---------------+----------------+-----
Unarmed Combat | 3 4 6 |  6.1
Fighting       | |  2.0
Throwing       | |  0.7
Armour         | |  1.0
Dodging        | |  2.1
Spellcasting   | |  2.4

Action                   |  1- 3 |  4- 6 || total
-------------------------+-------+-------++-------
Melee: Unarmed           |    52 |       ||    52
       Punch             |     3 |     1 ||     4
       Dagger            |    74 |   169 ||   243
Throw: Boomerang         |     1 |     4 ||     5
 Cast: Corpse Rot        |       |     1 ||     1
  Use: Scroll            |       |     5 ||     5
       Potion            |       |     2 ||     2
 Stab: Sleeping          |     1 |       ||     1
Armor: Leather armour    |    40 |    49 ||    89
Dodge: Dodged            |    76 |    82 ||   158
       Repelled          |       |     1 ||     1

Table legend: (Time is in decaauts)
 A = Elapsed time spent in this place.
 B = Non-inter-level travel time spent in this place.
 C = Inter-level travel time spent in this place.
 D = Time resting spent in this place.
 E = Time spent auto-exploring this place.
 F = Levels seen in this place.
 G = Mean time per level.
                   A        B        C        D        E       F      G
               +--------+--------+--------+--------+--------+-----+--------+
         Total |   3479 |   3438 |     41 |   1085 |   1539 |   4 |  869.8 |
       Dungeon |   2883 |   2842 |     41 |    689 |   1516 |   3 |  961.0 |
         Sewer |    595 |    595 |      0 |    396 |     23 |   1 |  595.0 |
               +--------+--------+--------+--------+--------+-----+--------+

Top non-repeatable levels by time:
     D:1: 1557 daAuts
     D:2: 820 daAuts
   Sewer: 595 daAuts
     D:3: 505 daAuts
